Unix NetHack Version 5.0.0-0 post-release - last build May  4 2026 22:22:43 (774f63e81ad911689b3a0859ea89b322d5daca8d,branch:main).

Game began 2026-05-08 11:40:51, ended 2026-05-09 20:56:20.

Flan99, lawful female dwarven Valkyrie

 -----                                                             --------
 |...|                     ------------                            |......|
 |....####                #...........|                            |{.....|
 |...|                    #|..........|              ----------    |......|
 |...|                    #|..........|              |........|    -----|--
 ---.-                    #|..........|             #.........|         #
    ####                  #-----.------             #|........|         #
       #                  ##    ######             ##|....%...|        ##
       #                   #         ######       ## |.........#      ##
       ###                 #         #    #      ##  |.......<|#     ##
         #                 #      ---.----.-----##   ----------#   --.----
         ###               #      |..e>........|#              ##  |.....|
           #       --------#    ##%/@..........|#               ###......|
   --------.---    |......|#    # |....u.......|#                  |(...[|
   |.........%.####.......-#%#### |............|#                  -------
   |..........| ## |......|#      |c............#
   |...........####........#      --------------
   |{.........|    --------
   ------------

Flan99 the Woman-at-arms    St:13 Dx:15 Co:18 In:8 Wi:15 Ch:11  Lawful
Dlvl:15 $:1744 HP:0(90) Pw:19(19) AC:1  Xp:10 T:15376 

Latest messages:
 Call a pair of mud boots: probably kicking
 What do you want to take off? [cnyF or ?*] ?
 You finish taking off your boots.
 What do you want to drop? [$a-egikm-wyA-CE-GI-TYZ or ?*] y
 You drop a +0 pair of boots called probably kicking.
 Your movements are now unencumbered.
 You hit the floating eye!
 You are frozen by the floating eye's gaze!
 The tengu appears next to you!
 The tengu vanishes!
 The tengu appears next to you!
 The tengu vanishes!
 The tengu appears close by!
 The tengu vanishes!
 The pyrolisk attacks you with a fiery gaze!
 Your cloak smoulders!
 Your scroll of light catches fire and burns!
 Your oil lamp catches light!
 The pyrolisk attacks you with a fiery gaze!
 The tengu appears close by!
 The pyrolisk attacks you with a fiery gaze!
 Your wooden shield smoulders!
 The pyrolisk attacks you with a fiery gaze!
 The tengu vanishes!
 The tengu appears!
 You hear bubbling water.
 The pyrolisk attacks you with a fiery gaze!
 Your leather hat smoulders!
 The pyrolisk attacks you with a fiery gaze!
 The pyrolisk attacks you with a fiery gaze!
 Your leather hat smoulders further!
 The tengu vanishes!
 The pyrolisk attacks you with a fiery gaze!
 The pyrolisk attacks you with a fiery gaze!
 Your wooden shield smoulders further!
 The pyrolisk attacks you with a fiery gaze!
 Your leather hat smoulders completely!
 The pyrolisk attacks you with a fiery gaze!
 Your cloak smoulders further!
 The pyrolisk attacks you with a fiery gaze!
 Your wooden shield smoulders completely!
 The pyrolisk attacks you with a fiery gaze!
 Your cloak smoulders completely!
 The pyrolisk attacks you with a fiery gaze!
 The pyrolisk attacks you with a fiery gaze!
 The pyrolisk attacks you with a fiery gaze!
 Your scroll of blank paper catches fire and burns!
 You die...
 Do you want your possessions identified? [ynq] (y) y
 Do you want to see your attributes? [ynq] (y) q

Inventory:
 Coins    ('$')
  $ - 1744 gold pieces
 Weapons  (')')
  b - a +0 dagger named prayed 10985 (at the ready)
  L - a +1 dwarvish spear
  a - the blessed rustproof +1 Excalibur (weapon in right hand)
 Armor    ('[')
  n - an uncursed thoroughly burnt +0 elven leather helm (being worn)
  R - a cursed -2 pair of levitation boots
  c - an uncursed thoroughly burnt +4 small shield (being worn)
  F - an uncursed thoroughly burnt +0 elven cloak (being worn)
  M - a blessed +2 mummy wrapping
  Y - an uncursed +0 elven mithril-coat (being worn)
 Comestibles  ('%')
  I - an uncursed slime mold
  d - 5 uncursed food rations
 Scrolls  ('?')
  i - 3 uncursed scrolls of confuse monster
  O - 2 uncursed scrolls of earth
  T - an uncursed scroll of enchant armor
  E - an uncursed scroll of enchant weapon
  B - an uncursed scroll of gold detection
  Q - an uncursed scroll of punishment
  r - an uncursed scroll of remove curse
 Potions  ('!')
  o - an uncursed potion of booze
  v - an uncursed potion of fruit juice
  K - an uncursed potion of gain ability
  P - an uncursed potion of levitation
  m - an uncursed potion of object detection
  u - an uncursed potion of speed
  Z - 2 uncursed potions of water
 Rings    ('=')
  S - an uncursed ring of searching
 Wands    ('/')
  s - a wand of polymorph (0:3)
  q - a blessed wand of slow monster (0:5)
  p - a wand of teleportation (0:3)
  G - a wand of undead turning (0:4)
 Tools    ('(')
  A - a cursed figurine of a trapper
  C - an uncursed lock pick
  e - an uncursed oil lamp (lit)
  k - an uncursed skeleton key
  g - a +0 unicorn horn
 Gems/Stones  ('*')
  t - an uncursed worthless piece of yellow glass
  N - an uncursed touchstone

Flan99 the Valkyrie's attributes:

Background:
 You were a Woman-at-arms, a level 10 dwarven Valkyrie.
 You were lawful, on a mission for Tyr
 who was opposed by Odin (neutral) and Loki (chaotic).
 You were right-handed.
 You were in the Dungeons of Doom, on level 15.
 You entered the dungeon 15376 turns ago.
 You had 7003 experience points, 2997 more were needed to attain level 11.

Basics:
 You had 0 out of 90 hit points.
 You had all 19 energy points (spell power).
 Your armor class was 1.
 Your wallet contained 1744 zorkmids.
 Autopickup was off.

Final Characteristics:
 Your strength was 13 (peak:15, limit:18/100).
 Your dexterity was 15 (limit:20).
 Your constitution was 18 (limit:20).
 Your intelligence was 8 (limit:16).
 Your wisdom was 15 (limit:16).
 Your charisma was 11 (limit:16).

Final Status:
 You weren't hungry.
 You were unencumbered.
 You were wielding a long sword.
 You were skilled in long sword.

Final Attributes:
 You were piously aligned.
 You were cold resistant.
 You were sleep resistant.
 You were poison resistant.
 You were level-drain resistant.
 You were telepathic.
 You had automatic searching.
 You had infravision.
 You were stealthy.
 You were guarded.
 You were fast.
 You are dead.

Miscellaneous:
 You didn't encounter any bones levels.
 Total elapsed playing time was 4 hours, 1 minute and 16 seconds.

Major events:
 Turn
    1: Flan99 the lawful dwarven Valkyrie entered the dungeon
  922: attained the rank of Skirmisher (level 3)
 1348: read a Discworld novel
 4484: entered the Gnomish Mines
 4804: attained the rank of Fighter (level 6)
 5374: reached Mine Town
 7289: entered Sokoban
 7551: completed 1st Sokoban level
11369: entered Home 1, the Quest
13037: was given Excalibur by the Lady of the Lake
13946: attained the rank of Woman-at-arms (level 10)
15376: killed by a burning scroll, while frozen by a floating eye's gaze

You didn't know any spells.

Skills:
 Fighting Skills
   bare handed combat [Unskilled]
   two weapon combat  [Unskilled]
   riding             [Unskilled]
 Weapon Skills
   dagger             [Basic]
   axe                [Unskilled]
   pick-axe           [Unskilled]
   short sword        [Unskilled]
   broadsword         [Unskilled]
   long sword         [Skilled]
   two-handed sword   [Unskilled]
   saber              [Unskilled]
   hammer             [Unskilled]
   quarterstaff       [Unskilled]
   polearms           [Unskilled]
   spear              [Expert]
   trident            [Unskilled]
   lance              [Unskilled]
   sling              [Unskilled]
 Spellcasting Skills
   attack spells      [Unskilled]
   escape spells      [Unskilled]

Voluntary challenges:
 Character rerolling was not enabled.
 You never genocided any monsters.
 You never polymorphed an object.
 You used no wishes.
 You did not violate any of the special Sokoban rules.
Achievements:
 You attained the rank of Skirmisher.
 You entered a shop.
 You read from a Discworld novel.
 You entered the Gnomish Mines.
 You attained the rank of Fighter.
 You entered Minetown.
 You entered Sokoban.
 You attained the rank of Woman-at-arms.

 The Dungeons of Doom: levels 1 to 15
    Level 1:
       A fountain.
    Level 2: "tele'd giant mimic"
       A scroll shop, an altar to Tyr, many fountains, many trees.
       Stairs down to The Gnomish Mines.
    Level 3:
       A scroll shop.
    Level 4: "two spellbooks unid'd"
       A sink.
    Level 5: "unid'd spellbook"
       An altar.
    Level 6: "mini-stash by down stairs"
       Oracle of Delphi.
    Level 7:
       Stairs up to Sokoban, level 6.
    Level 8:
    Level 9:
    Level 10:
    Level 11:
    Level 12:
    Level 13:
       Summoned by the Norn.
       Portal to The Quest.
    Level 14:
       A fountain, a sink.
    Level 15: <- You were here.
       A fountain, a sink.
       Final resting place for
          you, killed by a burning scroll, while frozen by a floating eye's gaze.
 The Gnomish Mines: levels 3 to 5
    Level 3:
    Level 4:
    Level 5: "stash"
       An altar to Tyr, some fountains.
 The Quest:
    Level 1:
       A fountain.
       Home.
 Sokoban:
    Level 6:
       Solved.


Vanquished creatures:
  a giant mimic
  2 fire giants
 an ice troll
 an umber hulk
  a wumpus
  a stalker
 an earth elemental
  a giant zombie
  a water demon
  a wood golem
  a freezing sphere
  a flaming sphere
  a large cat
  2 tigers
  a gargoyle
  a tengu
 an ochre jelly
  a stone giant
 an elf mummy
  2 wraiths
  a leather golem
  2 Grey-elves
 an amorous demon
  2 chameleons
  3 giant beetles
  2 cockatrices
  a wolf
  2 winter wolf cubs
  a lynx
  a panther
  a gremlin
  3 leprechauns
  6 orc-captains
  a scorpion
 an ice vortex
  a black light
  2 orc mummies
  a dwarf mummy
  2 ogres
  a rust monster
 an owlbear
  a yeti
  3 lizards
  a dog
  2 jaguars
  a blue jelly
  a gray unicorn
  a dust vortex
  2 ravens
  4 apes
  3 Woodland-elves
 13 fire ants
  2 bugbears
 an imp
 10 wood nymphs
  a mountain nymph
 12 Mordor orcs
  6 Uruk-hai
  6 orc shamans
  2 rock piercers
  2 rock moles
  a pony
  a fog cloud
  2 yellow lights
  3 shriekers
  4 violet fungi
  2 gnome leaders
  2 gnomish wizards
  a kobold mummy
  a golden naga hatchling
  a gray ooze
  a barrow wight
 an elf zombie
  a ghoul
  a straw golem
  3 paper golems
  5 giant ants
  3 little dogs
  a floating eye
  3 dwarves
  a homunculus
  a kobold shaman
 24 hill orcs
  a rothe
  3 rabid rats
  2 centipedes
  3 giant bats
  2 monkeys
  3 werejackals
  2 iguanas
  3 killer bees
  3 acid blobs
  8 coyotes
  2 gas spores
  5 hobbits
  8 manes
  2 hobgoblins
  3 giant rats
  9 cave spiders
  a brown mold
  2 green molds
 19 gnomes
 14 garter snakes
  a gnome zombie
  4 geckos
 13 jackals
  2 foxes
  3 kobolds
  7 goblins
 11 sewer rats
  9 grid bugs
  3 bats
  8 lichens
  a kobold zombie
 13 newts
366 creatures vanquished.

No species were genocided or became extinct.

Game over:
                       ----------
                      /          \
                     /    REST    \
                    /      IN      \
                   /     PEACE      \
                  /                  \
                  |      Flan99      |
                  |     1744 Au      |
                  |   killed by a    |
                  |  burning scroll  |
                  |                  |
                  |                  |
                  |       2026       |
                 *|     *  *  *      | *
        _________)/\\_//(\/(/\)/\//\/|_)_______

Farvel Flan99 the Valkyrie...

You died in The Dungeons of Doom on dungeon level 15 with 28744 points,
and 1744 pieces of gold, after 15376 moves.
You were level 10 with a maximum of 90 hit points when you died.

